 Dungeon Crawl Stone Soup version 0.29.1-1-gd02db6906a (webtiles) character file.

Game seed: 87134416015862420

257 pokeman the Magician (level 5, -4/29 HPs)
             Began as a Deep Elf Hedge Wizard on Sept 15, 2022.
             Slain by an ogre
             ... wielding a +0 giant club
              (27 damage)
             ... on level 4 of the Dungeon.
             The game lasted 00:06:45 (3728 turns).

pokeman the Magician (Deep Elf Hedge Wizard)        Turns: 3728, Time: 00:06:45

Health: -4/29      AC:  6    Str:  7    XL:     5   Next: 93%
Magic:  9/16       EV: 12    Int: 27    God:
Gold:   263        SH:  0    Dex: 14    Spells: 4/17 levels left

rFire   . . .      SeeInvis +   r - +2 whip (venom)
rCold   . . .      Faith    .   (no shield)
rNeg    . . .      Spirit   .   o - +0 leather armour
rPois   .          Reflect  .   z - +1 helmet
rElec   .          Harm     .   (no cloak)
rCorr   .          Rampage  .   u - +0 pair of gloves
Will    .....                   (no boots)
Stlth   ++........              n - amulet of magic regeneration
HPRegen 0.09/turn               e - +6 ring of intelligence
MPRegen 0.55/turn               k - ring of see invisible

@: very slightly contaminated
A: no striking features
a: no special abilities


You were on level 4 of the Dungeon.
You visited 1 branch of the dungeon, and saw 4 of its levels.

You collected 263 gold pieces.

Inventory:

Hand Weapons
 i - a +0 sling
 r - a +2 whip of venom (weapon)
Armour
 o - a +0 leather armour (worn)
 u - a +0 pair of gloves (worn)
 z - a +1 helmet (worn)
Jewellery
 e - a +6 ring of intelligence (left hand)
 k - a ring of see invisible (right hand)
 n - an amulet of magic regeneration (around neck)
 t - a ring of ice
Scrolls
 a - a scroll of silence {unknown}
 c - a scroll of butterflies {unknown}
 f - 3 scrolls of identify {unknown}
 g - a scroll of noise {unknown}
 h - a scroll of acquirement {unknown}
 m - a scroll of teleportation {unknown}
 v - 2 scrolls of poison {unknown}
 x - a scroll of enchant armour {unknown}
 y - a scroll of fear {unknown}
Potions
 b - 3 potions of mutation {unknown}
 d - 2 potions of magic
 j - 5 potions of heal wounds {unknown}
 l - 3 potions of might {unknown}
 p - 2 potions of haste {unknown}
 q - a potion of flight {unknown}
 s - a potion of curing {unknown}
 w - a potion of cancellation {unknown}
 A - a potion of lignification {unknown}


   Skills:
 - Level 1.0 Fighting
 - Level 1.0 Armour
 - Level 3.0 Dodging
 - Level 3.0 Stealth
 * Level 6.5 Spellcasting
 + Level 3.0 Conjurations
 - Level 1.1 Summonings
 - Level 1.1 Translocations
 - Level 1.0 Transmutations
 - Level 1.2 Fire Magic
 + Level 0.2 Air Magic
 + Level 0.6 Poison Magic


You had 4 spell levels left.
You knew the following spells:

 Your Spells              Type           Power      Damage    Failure   Level
a - Magic Dart            Conj           100%       1d8       2%          1
b - Mephitic Cloud        Conj/Pois/Air  15%        N/A       16%         3
c - Call Imp              Summ           14%        N/A       9%          2
d - Blink                 Tloc           28%        N/A       9%          2
e - Conjure Flame         Conj/Fire      20%        6-21      11%         3
f - Wereblood             Tmut           14%        N/A       9%          2

Your spell library contained the following spells:

 Spells                   Type           Power      Damage    Failure   Level
 Beastly Appendage        Tmut           28%        N/A       6%          1
 Sting                    Tmut/Pois      52%        1d5       6%          1
 Necrotise                Necr           32%        1d5       9%          1
 Slow                     Hex            32%        N/A       9%          1
 Poisonous Vapours        Pois/Air       22%        N/A       11%         2
 Call Canine Familiar     Summ           14%        N/A       17%         3
 Spider Form              Tmut/Pois      13%        N/A       19%         3
 Portal Projectile        Hex/Tloc       22%        N/A       22%         3
 Vampiric Draining        Necr           8%         2d6       26%         3
 Olgreb's Toxic Radiance  Pois           12%        N/A       56%         4
 Leda's Liquefaction      Hex/Erth       4%         N/A       65%         4
 Agony                    Necr           8%         N/A       94%         5
 Lee's Rapid Deconstruct  Erth           4%         3d6*      94%         5
 Statue Form              Tmut/Erth      7%         N/A       100%        6


Dungeon Overview and Level Annotations

Branches:
Dungeon (4/15)
 Temple: D:4-7

Altars:
Hepliaklqana
Sif Muna

Annotations:
D:1 Loot behind glass


Message History

The ogre is heavily wounded.
Casting: Magic Dart (safe; 2% risk of failure)
Confirm with . or Enter, or press ? or * to list all spells.
Aiming: Magic Dart (safe; 2% risk of failure)
Press: ? - help, Shift-Dir - straight line, f/p - ogre
Aim: an ogre, wielding a +0 giant club (heavily wounded, 100% to hit)
The magic dart hits the ogre.
The ogre is heavily wounded.
A howler monkey comes into view.
Casting: Magic Dart (safe; 2% risk of failure)
Confirm with . or Enter, or press ? or * to list all spells.
The spell is quite dangerous to miscast (16% risk of failure)!
Continue anyway?
Okay, then.
There are monsters nearby!
Casting: Mephitic Cloud (quite dangerous; 16% risk of failure)
Confirm with . or Enter, or press ? or * to list all spells.
The spell is quite dangerous to miscast (16% risk of failure)!
Continue anyway?
Aiming: Mephitic Cloud (quite dangerous; 16% risk of failure)
Press: ? - help, Shift-Dir - straight line, f/p - ogre
Aim: an ogre, wielding a +0 giant club (heavily wounded, chance to affect: 77%) That beam is likely to hit you.
Continue anyway?
You miscast Mephitic Cloud.
Energy rips through your body.
The howler monkey howls!
The ogre misses you.
Casting: Mephitic Cloud (quite dangerous; 16% risk of failure)
Confirm with . or Enter, or press ? or * to list all spells.
The spell is quite dangerous to miscast (16% risk of failure)!
Continue anyway?
Aiming: Mephitic Cloud (quite dangerous; 16% risk of failure)
Press: ? - help, Shift-Dir - straight line, f/p - ogre
Aim: an ogre, wielding a +0 giant club (heavily wounded, chance to affect: 77%) That beam is likely to hit you.
Continue anyway?
The ball explodes into a vile cloud!
The stinking cloud engulfs the ogre but does no damage.
The ogre is heavily wounded.
The stinking cloud engulfs you but does no damage.
You hear a shout!
The ogre is engulfed in noxious fumes.
The ogre hits you with a +0 giant club!!
Ouch! That really hurt!
You die...

######
.#####○☼..#
..h?$☼O@#.##
##...##....#
#.# ##.#.#
#...###.#)#
#....#.#
#.#..#.##
#.......#
.#..###..###
#.# #..#


You could see an ogre and a howler monkey.

Vanquished Creatures
  A black bear (D:4)
  6 adders
  3 worms
  2 dart slugs
  An orc (D:3)
  7 endoplasms
  6 giant cockroaches
  7 goblins
  9 hobgoblins
  13 jackals
  8 kobolds
  5 quokkas
  8 ball pythons
  7 bats
  7 frilled lizards
  6 rats
96 creatures vanquished.

Notes
Turn   | Place    | Note
-------+----------+-------------------------------------------
     0 | D:1      | pokeman the Deep Elf Hedge Wizard began the quest for the
                  | Orb.
     0 | D:1      | Reached XP level 1. HP: 10/10 MP: 7/7
   202 | D:1      | Reached XP level 2. HP: 16/16 MP: 6/9
   610 | D:1      | Reached skill level 5 in Spellcasting
   682 | D:1      | Reached XP level 3. HP: 17/20 MP: 1/11
   695 | D:1      | Learned a level 3 spell: Mephitic Cloud
   698 | D:1      | Learned a level 2 spell: Call Imp
   702 | D:1      | Learned a level 2 spell: Blink
   706 | D:1      | Learned a level 3 spell: Conjure Flame
  1506 | D:2      | Reached skill level 1 in Fighting
  1559 | D:2      | Found a shimmering blue altar of Sif Muna.
  1561 | D:2      | Reached skill level 1 in Armour
  1740 | D:2      | Reached XP level 4. HP: 20/25 MP: 9/13
  2302 | D:2      | Found a faded altar of an unknown god.
  2961 | D:3      | Found a hazy altar of Hepliaklqana.
  3157 | D:3      | Learned a level 2 spell: Wereblood
  3410 | D:4      | Noticed a black bear
  3430 | D:4      | Killed a black bear
  3431 | D:4      | Reached skill level 6 in Spellcasting
  3431 | D:4      | Reached skill level 1 in Transmutations
  3431 | D:4      | Reached skill level 1 in Fire Magic
  3431 | D:4      | Reached XP level 5. HP: 20/29 MP: 13/15
  3721 | D:4      | Noticed an ogre
  3728 | D:4      | Slain by an ogre

Illustrated notes

Levels and vault maps discovered:
D:1:      wander_arrival_desolate, layout_basic, grunt_decor_arrowhead,
          chequers_serial_rivers_micro_a, dreamdust_princess_bridge,
          due_unseen_surprise
D:2:      layout_basic, basic_altar, ebering_ecumenical_altar_box,
          minmay_nonomino_d4
D:3:      layout_basic, nzn_hepliaklqana_mist_gate, hangedman_decor_growths,
          eino_tiny_chamber, kennysheep_cross_room, st_stairs_1,
          kennysheep_cross_bottleneck
D:4:      layout_rooms, nicolae_gozag_seed_capital, minmay_starry_boxes

Skill      XL: |  1  2  3  4  5 |
---------------+----------------+-----
Spellcasting   | 5 6 |  6.5
Conjurations   | 2 3 |  3.0
Fighting       | 1 |  1.0
Armour         | 1 |  1.0
Dodging        | 3 |  3.0
Stealth        | 3 |  3.0
Transmutations | 1 |  1.0
Fire Magic     | 1 |  1.2
Summonings     | |  1.1
Translocations | |  1.1
Air Magic      | |  0.2
Poison Magic   | |  0.6

Action                   |  1- 3 |  4- 6 || total
-------------------------+-------+-------++-------
Melee: Dagger            |    24 |       ||    24
       Whip              |       |     6 ||     6
 Cast: Magic Dart        |   105 |   104 ||   209
       Mephitic Cloud    |       |     2 ||     2
 Stab: Sleeping          |     1 |       ||     1
       Confused          |       |     1 ||     1
Armor: Robe              |    13 |     1 ||    14
       Leather armour    |       |     2 ||     2
Dodge: Dodged            |    29 |    10 ||    39
